AoeStats
← nonoleboss

Nomad

508095648Analyzed
4v4 RM · 12d ago on Sep 20, 2026· 69m 26s· 8 players
Game mode
Random Map
Map size
231×231
Population
200
Speed
Normal
Resources
Standard
Victory
Conquest
Starting age
Dark Age
Ending age
Imperial Age
RankedLock teamsTeams togetherTeam positionsShared explorationLock speedFull tech treeHidden civsTurbo modeCheats
Victory
Defeat
🇧🇷 Persians · Brazil
1377
+14
🇧🇷 Saracens · Brazil
1369
+14
🇳🇱 Maya · Netherlands
1279
+17
🇨🇦 Dravidians · Canada
1269
+18
🇬🇧 Spanish · United Kingdom
1361
-18
🇩🇪 Vietnamese · Germany
1335
-16
🇫🇷 Japanese · France
1294
-15
🇩🇪 Lithuanians · Germany
1286
-14
milopokerboy
4:39 Loom
14:20 Feudal Age
20:24 Castle Age
22:31 Fletching
28:22 Double-Bit Axe
46:41 Sanctity
49:53 Fervor
54:06 Wheelbarrow
55:35 Redemption
56:09 Bow Saw
57:23 Hand Cart
57:09 Gold Mining
57:09 Stone Mining
62:12 Horse Collar
64:08 Town Watch
64:55 Bodkin Arrow
68:09 Masonry
69:49 Town Patrol
nonoleboss
10:16 Loom
14:24 Feudal Age
18:40 Castle Age
18:20 Double-Bit Axe
26:35 Fletching
27:44 Bodkin Arrow
31:09 Bow Saw
the_kiri
5:14 Loom
13:19 Feudal Age
18:02 Castle Age
16:56 Double-Bit Axe
17:09 Fishing Lines
19:35 Wheelbarrow
19:11 Bow Saw
18:57 Horse Collar
19:28 Heavy Plow
19:26 Gold Mining
20:00 Hand Cart
19:37 Stone Mining
20:12 Gillnets
22:00 Medium Warships
22:28 Town Watch
23:01 Forging
24:33 Heavy Plow
26:06 Clinker Construction
27:21 Iron Casting
32:05 Imperial Age
29:36 Fletching
30:53 Stone Shaft Mining
31:21 Ballistics
31:02 Bodkin Arrow
33:14 Thumb Ring
32:50 Capped Ram
33:59 Bracer
35:02 Chemistry
34:55 Elite Rattan Archer
35:43 Padded Archer Armor
37:17 Leather Archer Armor
37:26 Paper Money
38:29 Ring Archer Armor
41:53 Coinage
41:33 Onager
44:26 Hoardings
47:35 Treadmill Crane
48:36 Siege Engineers
53:31 Caravan
57:59 Two-Man Saw
58:31 Elite Skirmisher
Kajook
12:08 Feudal Age
16:30 Castle Age
14:33 Loom
15:50 Forging
15:46 Double-Bit Axe
16:41 Horse Collar
21:55 Wheelbarrow
23:58 Heavy Plow
30:35 Imperial Age
28:21 Hand Cart
28:08 Gold Mining
28:57 Bow Saw
29:04 Scale Barding Armor
29:35 Bloodlines
29:25 Husbandry
30:49 Chain Barding Armor
31:07 Iron Casting
33:15 Chemistry
32:35 Ballistics
32:54 Plate Barding Armor
33:14 Iron Casting
33:03 Light Cavalry
33:07 Cavalier
35:27 Elite Leitis
41:30 Conscription
51:24 Light Cavalry
55:18 Winged Hussar
SometimesUnlucky
3:41 Loom
14:00 Feudal Age
18:21 Castle Age
17:22 Double-Bit Axe
17:19 Fishing Lines
20:51 Gillnets
22:00 Bow Saw
21:48 Gold Mining
23:29 Pikeman
25:05 Thumb Ring
25:03 Horse Collar
25:51 Fletching
26:52 Stone Mining
28:42 Wheelbarrow
29:01 Bodkin Arrow
29:07 Padded Archer Armor
31:21 Leather Archer Armor
31:35 Hand Cart
37:13 Stone Mining
37:34 Heavy Plow
41:04 Imperial Age
39:31 Ballistics
42:36 Conscription
45:42 Scale Mail Armor
45:52 Forging
48:59 Chain Mail Armor
49:20 Iron Casting
48:46 Halberdier
49:27 Squires
51:09 Plate Mail Armor
53:11 Blast Furnace
52:13 Bracer
52:34 Arson
52:38 Elite Skirmisher
53:52 Town Watch
54:19 Bracer
58:18 Two-Man Saw
58:37 Chemistry
66:54 Elite Elephant Archer
69:34 Ring Archer Armor
Ringss12x
10:02 Loom
12:44 Feudal Age
13:26 Double-Bit Axe
17:36 Castle Age
18:08 Scale Barding Armor
18:14 Forging
19:04 Wheelbarrow
18:48 Bow Saw
18:53 Town Watch
19:52 Bloodlines
22:28 Stone Mining
24:57 Chain Barding Armor
26:50 Husbandry
30:08 Hand Cart
31:25 Iron Casting
35:16 Medium Warships
36:29 Fletching
38:52 Bodkin Arrow
43:43 Imperial Age
42:52 Horse Collar
43:16 Gold Mining
44:02 Stone Shaft Mining
43:50 Cavalier
45:32 Blast Furnace
45:26 Heavy Warships
46:10 Conscription
46:29 Plate Barding Armor
45:29 Savar
48:05 Chemistry
49:04 Padded Archer Armor
49:05 Scale Mail Armor
52:13 Gold Shaft Mining
56:48 Chain Mail Armor
62:20 Heavy Camel Rider
64:46 Leather Archer Armor
64:16 Elite Skirmisher
65:02 Thumb Ring
65:29 Ballistics
65:06 Murder Holes
66:37 Two-Man Saw
66:27 Ring Archer Armor
68:42 Masonry
lucaspeixoto2584
12:37 Feudal Age
14:17 Fishing Lines
14:42 Fletching
15:50 Padded Archer Armor
22:39 Castle Age
24:06 Gillnets
24:53 Loom
24:57 Double-Bit Axe
33:01 Horse Collar
37:18 Forging
37:15 Scale Barding Armor
37:35 Town Watch
41:35 Wheelbarrow
47:27 Imperial Age
45:13 Hand Cart
47:57 Bodkin Arrow
48:49 Conscription
50:07 Chain Barding Armor
50:31 Iron Casting
50:30 Elite Mameluke
51:52 Conscription
52:47 Gold Mining
54:45 Light Cavalry
55:35 Bloodlines
55:26 Husbandry
56:32 Hussar
Burt
4:10 Loom
13:07 Feudal Age
19:05 Castle Age
17:44 Double-Bit Axe
19:49 Fletching
20:46 Medium Warships
21:02 Padded Archer Armor
22:37 Wheelbarrow
23:50 Bow Saw
25:16 Bodkin Arrow
26:55 Leather Archer Armor
27:24 Hand Cart
27:48 Squires
28:59 Ballistics
32:20 Thumb Ring
33:03 Masonry
37:25 Town Watch
40:28 Imperial Age
38:47 Horse Collar
40:37 Capped Ram
41:29 Bracer
41:59 Ring Archer Armor
42:39 Chemistry
42:10 Siege Ram
45:19 Scale Mail Armor
45:30 Forging
44:43 Eagle Warrior
45:09 Arson
46:04 Hoardings
46:22 Elite Eagle Warrior
48:25 Heavy Plow
49:18 Chain Mail Armor
49:38 Iron Casting
50:56 Pikeman
53:35 Plate Mail Armor
54:06 Blast Furnace
53:42 Holcans
55:47 Halberdier
59:44 Conscription
64:58 Architecture
64:25 Murder Holes
67:28 Hul'che Javelineers
67:33 Elite Skirmisher
68:24 Treadmill Crane
Connection lost

Rejoining the realm…

Still unreachable

The connection could not be restored.

Session expired

The server has moved on; the page needs a fresh start.